 Dungeon Crawl Stone Soup version 0.31-a0-816-gd61d57ddb1 (webtiles) character file.

Game seed: 4133314561120887405

34 Nedwor the Trooper (level 3, -1/29 HPs)
             Began as a Demonspawn Fighter on Sept 22, 2023.
             Slain by a cerulean imp
             ... wielding a +1 spear
             ... summoned by Natasha
              (3 damage)
             ... on level 2 of the Dungeon.
             The game lasted 00:02:01 (674 turns).

Nedwor the Trooper (Demonspawn Fighter)              Turns: 674, Time: 00:02:03

Health: -1/29      AC:  9    Str: 18    XL:     3   Next: 14%
Magic:  3/3        EV:  7    Int:  9    God:
Gold:   53         SH:  4    Dex: 12    Spells: 2/2 levels left

rFire   . . .        a - +0 rapier
rCold   . . .        c - +0 buckler
rNeg    . . .        e - +0 chain mail
rPois   .            (no helmet)
rElec   .            (no cloak)
rCorr   .            (no gloves)
SInv    .            (no boots)
Will    .....        (no amulet) Stlth
                     (no ring)
HPRegen 0.24/turn    (no ring)
MPRegen 0.16/turn

%: no passive effects
@: no status effects
A: ignite blood 1, magic regeneration
a: no special abilities


You were on level 2 of the Dungeon.
You visited 1 branch of the dungeon, and saw 2 of its levels.

You collected 53 gold pieces.

Inventory:

Hand Weapons
 a - a +0 rapier (weapon)
Armour
 c - a +0 buckler (worn)
 e - a +0 chain mail (worn)
Jewellery
 l - an amulet of regeneration
Scrolls
 b - 2 scrolls of blinking {unknown}
 f - a scroll of identify {unknown}
 h - 3 scrolls of enchant armour {unknown}
 k - a scroll of noise {unknown}
 m - a scroll of enchant weapon {unknown}
 n - a scroll of fear {unknown}
Potions
 d - a potion of might
 g - a potion of attraction {unknown}
 i - a potion of curing {unknown}
 j - a potion of heal wounds {unknown}
 o - a potion of invisibility {unknown}


   Skills:
 + Level 3.2 Fighting
 * Level 2.3 Short Blades
 + Level 3.0 Armour
 + Level 0.8 Dodging
 + Level 2.9 Shields


You had 2 spell levels left.
You didn't know any spells.
Your spell library was empty.

Dungeon Overview and Level Annotations

Branches:
Dungeon (2/15)

Altars:

Annotations:
D:2 Natasha


Innate Abilities, Weirdness & Mutations

Your demonic aura sometimes causes spilled blood to erupt in flames.
You regenerate magic rapidly.


Message History

You are too injured to fight recklessly!
You are too injured to fight recklessly!
You are too injured to fight recklessly!
You are too injured to fight recklessly!
You are too injured to fight recklessly!
You are too injured to fight recklessly!
You are too injured to fight recklessly!
The cerulean imp hits you with a +1 spear.
The cerulean imp hits you but does no damage.
You miss the cerulean imp.
The cerulean imp hits you but does no damage. x2
You barely miss the cerulean imp.
The cerulean imp hits you but does no damage.
The cerulean imp hits you with a +1 spear.
You hit the cerulean imp but do no damage.
The cerulean imp disappears in a puff of smoke!
The cerulean imp hits you with a +1 spear.
* * * LOW HITPOINT WARNING * * *
The cerulean imp hits you but does no damage. x2
Natasha growls.
You hit the cerulean imp.
The cerulean imp is moderately wounded.
The cerulean imp barely misses you. x2
You completely miss the cerulean imp.
The cerulean imp is moderately wounded.
The cerulean imp closely misses you.
The cerulean imp hits you but does no damage.
You hit the cerulean imp.
The cerulean imp is heavily wounded.
The cerulean imp hits you but does no damage.
The cerulean imp hits you with a +1 spear.
* * * LOW HITPOINT WARNING * * *
Natasha hisses.
You closely miss the cerulean imp.
The cerulean imp is heavily wounded.
The cerulean imp disappears in a puff of smoke!
The cerulean imp hits you with a +1 spear.
* * * LOW HITPOINT WARNING * * *
The cerulean imp hits you with a +1 spear.
You die...

#.# #.# #.# #..
#.# #b# ###### #h#
+.+ #.#.....
#@#+##.## #.#.#
#.5...... ..#.#
#.#+##.####.#†# ##
#.# #.#.(#.#.###.
#.# +.+..#.#.)...
#.####.##'#.#.....
#...........#.....
#.####.##'#†#.#.#.
#.# #.#..#.#.#.#>


You could see Natasha, a cerulean imp (summoned) and a bat.

Vanquished Creatures
  A dart slug (D:1)
  2 bats
  2 endoplasms (D:2)
  2 giant cockroaches (D:1)
  2 goblins (D:1)
  4 hobgoblins (D:1)
  4 jackals (D:2)
  A kobold (D:1)
  A quokka (D:1)
  4 ball pythons
  3 frilled lizards
  A rat (D:2)
27 creatures vanquished.

Notes
Turn   | Place    | Note
-------+----------+-------------------------------------------
     0 | D:1      | Nedwor the Demonspawn Fighter began the quest for the Orb.
     0 | D:1      | Reached XP level 1. HP: 18/18 MP: 1/1
    69 | D:1      | Gained mutation: You regenerate magic rapidly. [demonic
                  | ancestry]
    69 | D:1      | Reached XP level 2. HP: 16/24 MP: 2/2
   612 | D:2      | Gained mutation: Your demonic aura sometimes causes spilled
                  | blood to erupt in flames. [demonic ancestry]
   612 | D:2      | Reached XP level 3. HP: 28/29 MP: 3/3
   654 | D:2      | Noticed Natasha
   674 | D:2      | Slain by a cerulean imp

Illustrated notes

Levels and vault maps discovered:
D:1:      dpeg_arrival_arbitrary_a, layout_basic
D:2:      minmay_door_path, layout_loops_cross, uniq_natasha

Skill      XL: |  1  2  3 |
---------------+----------+-----
Short Blades   | 2 |  2.3
Armour         | 3 |  3.0
Fighting       | |  3.2
Dodging        | |  0.8
Shields        | |  2.9

Action                     || total
---------------------------++-------
  Melee: Rapier            ||   112
 Armour: Scale mail        ||    25
         Chain mail        ||    77
  Dodge: Dodged            ||    40
  Block: Buckler           ||    32

Table legend: (Time is in decaauts)
 A = Elapsed time spent in this place.
 B = Non-inter-level travel time spent in this place.
 C = Inter-level travel time spent in this place.
 D = Time resting spent in this place.
 E = Time spent auto-exploring this place.
 F = Levels seen in this place.
 G = Mean time per level.
                   A        B        C        D        E       F      G
               +--------+--------+--------+--------+--------+-----+--------+
         Total |    688 |    640 |     48 |      0 |    410 |   2 |  344.0 |
       Dungeon |    688 |    640 |     48 |      0 |    410 |   2 |  344.0 |
               +--------+--------+--------+--------+--------+-----+--------+

Top non-repeatable levels by time:
     D:1: 531 daAuts
     D:2: 157 daAuts
